TOP OF THE 1ST |
Bethesda Atoms batting - Pitching for Ottawa Nationals : LHP Chase Sims
|
Pitching: LHP Chase Sims
|
|
Batting: RHB Preston Johnston
|
0-0: Ball 1-0: Fly out, F8 (Flyball, 8LD, EV 106.9 MPH)
|
Batting: RHB Tomás Gonzáles
|
0-0: Called Strike 0-1: Ball 1-1: Ground out 4-3 (Groundball, 4S, EV 85.0 MPH)
|
Batting: SHB Brian Burt
|
0-0: Ball 1-0: Foul Ball, location: 2F 1-1: Ball 2-1: Foul Ball, location: 2F 2-2: Fly out, F2 (Popup, 23F, EV 85.0 MPH)
|
Top of the 1st over - 0 runs, 0 hits, 0 errors, 0 left on base; Bethesda 0 - Ottawa 0 |
BOTTOM OF THE 1ST |
Ottawa Nationals batting - Pitching for Bethesda Atoms : LHP Kevin Beckman
|
Pitching: LHP Kevin Beckman
|
|
Batting: RHB Glenn Curtis
|
0-0: Called Strike 0-1: Ground out U3 (Groundball, 3, EV 86.2 MPH)
|
Batting: RHB Sallvador Rebola
|
0-0: Called Strike 0-1: Ball 1-1: Ground out 6-3 (Groundball, 6S, EV 72.5 MPH)
|
Batting: LHB Tony Goodwin
|
0-0: Ball 1-0: Called Strike 1-1: Called Strike 1-2: Ball 2-2: Fly out, F8 (Line Drive, 8LD, EV 104.4 MPH)
|
Bottom of the 1st over - 0 runs, 0 hits, 0 errors, 0 left on base; Bethesda 0 - Ottawa 0 |
TOP OF THE 2ND |
Bethesda Atoms batting - Pitching for Ottawa Nationals : LHP Chase Sims
|
Batting: RHB Juan Mata
|
0-0: Foul Ball, location: 2F 0-1: Swinging Strike 0-2: Ball 1-2: Ball 2-2: Foul Ball, location: 2F 2-2: Foul Ball, location: 2F 2-2: Foul Ball, location: 2F 2-2: Foul Ball, location: 2F 2-2: Strikes out looking
|
Batting: LHB Rafael Barrueco
|
0-0: Called Strike 0-1: Fly out, F8 (Flyball, 8LD, EV 91.9 MPH)
|
Batting: RHB Tomas van Noord
|
0-0: Ball 1-0: Called Strike 1-1: Ball 2-1: Ground out 6-3 (Groundball, 56, EV 103.8 MPH)
|
Top of the 2nd over - 0 runs, 0 hits, 0 errors, 0 left on base; Bethesda 0 - Ottawa 0 |
BOTTOM OF THE 2ND |
Ottawa Nationals batting - Pitching for Bethesda Atoms : LHP Kevin Beckman
|
Batting: RHB Jorge Ozezera
|
0-0: Ball 1-0: Foul Ball, location: 2F 1-1: Ball 2-1: Ground out 4-3 (Groundball, 4, EV 87.5 MPH)
|
Batting: RHB Gary Goodwin
|
0-0: Ball 1-0: Foul Ball, location: 2F 1-1: Ball 2-1: Ground out 6-3 (Groundball, 6, EV 109.4 MPH)
|
Batting: SHB Júlio Moreno
|
0-0: Called Strike 0-1: Fly out, F9 (Flyball, 89S, EV 81.9 MPH)
|
Bottom of the 2nd over - 0 runs, 0 hits, 0 errors, 0 left on base; Bethesda 0 - Ottawa 0 |
TOP OF THE 3RD |
Bethesda Atoms batting - Pitching for Ottawa Nationals : LHP Chase Sims
|
Batting: RHB Wilson Mitchell
|
0-0: Foul Ball, location: 2F 0-1: Ball 1-1: Swinging Strike 1-2: Foul Ball, location: 2F 1-2: Ball 2-2: Ball 3-2: Foul Ball, location: 2F 3-2: Base on Balls
|
Batting: LHB Michael Cochran
|
0-0: Called Strike 0-1: Fly out, F7 (Flyball, 78M, EV 96.9 MPH)
|
Batting: RHB Luis González
|
0-0: Ball 1-0: Called Strike 1-1: Swinging Strike 1-2: Ball 2-2: Strikes out swinging
|
Batting: RHB Preston Johnston
|
0-0: Called Strike 0-1: Foul Ball, location: 2F 0-2: Foul Ball, location: 2F 0-2: Strikes out swinging
|
Top of the 3rd over - 0 runs, 0 hits, 0 errors, 1 left on base; Bethesda 0 - Ottawa 0 |
BOTTOM OF THE 3RD |
Ottawa Nationals batting - Pitching for Bethesda Atoms : LHP Kevin Beckman
|
Batting: RHB Cary Collins
|
0-0: Hit by Pitch
|
Batting: LHB Luis Soto
|
0-0: Foul Ball, location: 2F 0-1: Called Strike 0-2: Foul Ball, location: 2F 0-2: SINGLE (Groundball, 6MD, EV 94.4 MPH) Cary Collins to second
|
Batting: RHB Manuel Vroonland
|
0-0: Ball 1-0: Ball 2-0: Grounds into double play, 4-6-3 (Groundball, 4M, EV 95.0 MPH) Cary Collins to third
|
Batting: RHB Glenn Curtis
|
0-0: Ball 1-0: Called Strike 1-1: Foul Ball, location: 2F 1-2: Strikes out swinging
|
Bottom of the 3rd over - 0 runs, 1 hit, 0 errors, 1 left on base; Bethesda 0 - Ottawa 0 |
TOP OF THE 4TH |
Bethesda Atoms batting - Pitching for Ottawa Nationals : LHP Chase Sims
|
Batting: RHB Tomás Gonzáles
|
0-0: Swinging Strike 0-1: Swinging Strike 0-2: Ball 1-2: Ball 2-2: Fly out, F9 (Flyball, 9, EV 74.4 MPH)
|
Batting: SHB Brian Burt
|
0-0: Ground out 4-3 (Groundball, 4MS, EV 83.8 MPH)
|
Batting: RHB Juan Mata
|
0-0: Ground out 6-3 (Groundball, 6, EV 89.4 MPH)
|
Top of the 4th over - 0 runs, 0 hits, 0 errors, 0 left on base; Bethesda 0 - Ottawa 0 |
BOTTOM OF THE 4TH |
Ottawa Nationals batting - Pitching for Bethesda Atoms : LHP Kevin Beckman
|
Batting: RHB Sallvador Rebola
|
0-0: Ball 1-0: Ball 2-0: Fly out, F8 (Flyball, 78D, EV 101.9 MPH)
|
Batting: LHB Tony Goodwin
|
0-0: Ground out 5-3 (Groundball, 56S, EV 67.5 MPH)
|
Batting: RHB Jorge Ozezera
|
0-0: Fly out, F9 (Flyball, 9LMF, EV 96.9 MPH)
|
Bottom of the 4th over - 0 runs, 0 hits, 0 errors, 0 left on base; Bethesda 0 - Ottawa 0 |
TOP OF THE 5TH |
Bethesda Atoms batting - Pitching for Ottawa Nationals : LHP Chase Sims
|
Batting: LHB Rafael Barrueco
|
0-0: Fly out, F8 (Flyball, 78D, EV 101.9 MPH)
|
Batting: RHB Tomas van Noord
|
0-0: SINGLE (Groundball, 6MD, EV 102.5 MPH)
|
Batting: RHB Wilson Mitchell
|
0-0: Ball 1-0: Fly out, F9 (Flyball, 9LD, EV 95.0 MPH)
|
Batting: LHB Michael Cochran
|
0-0: Swinging Strike 0-1: Ball 1-1: Ball 2-1: Called Strike 2-2: Ball 3-2: Base on Balls Tomas van Noord to second
|
Batting: RHB Luis González
|
0-0: Called Strike 0-1: Foul Ball, location: 2F 0-2: Strikes out swinging
|
Top of the 5th over - 0 runs, 1 hit, 0 errors, 2 left on base; Bethesda 0 - Ottawa 0 |
BOTTOM OF THE 5TH |
Ottawa Nationals batting - Pitching for Bethesda Atoms : LHP Kevin Beckman
|
Batting: RHB Gary Goodwin
|
0-0: Foul Ball, location: 2F 0-1: Ball 1-1: Foul Ball, location: 2F 1-2: SINGLE (Line Drive, 4M, EV 102.5 MPH)
|
Batting: SHB Júlio Moreno
|
0-0: Ball 1-0: Bunted foul 1-1: Ball 2-1: Sac Bunt to 15 - play at first, batter OUT! 1-4 Gary Goodwin to second
|
Batting: RHB Cary Collins
|
0-0: Called Strike 0-1: Called Strike 0-2: Ball 1-2: Fly out, F7 (Flyball, 7, EV 90.0 MPH)
|
Batting: LHB Luis Soto
|
0-0: Called Strike 0-1: Swinging Strike 0-2: Foul Ball, location: 2F 0-2: Strikes out swinging
|
Bottom of the 5th over - 0 runs, 1 hit, 0 errors, 1 left on base; Bethesda 0 - Ottawa 0 |
TOP OF THE 6TH |
Bethesda Atoms batting - Pitching for Ottawa Nationals : LHP Chase Sims
|
Batting: RHB Preston Johnston
|
0-0: Ball 1-0: DOUBLE (Line Drive, 8LXD, EV 108.8 MPH)
|
Batting: RHB Tomás Gonzáles
|
0-0: Sac Bunt to 3S - play at first, batter OUT! 3-4 Preston Johnston to third
|
Batting: SHB Brian Burt
|
0-0: Foul Ball, location: 2F 0-1: Ball 1-1: Called Strike 1-2: Fly out, F8 (Flyball, 8LXD, EV 101.9 MPH) Runner from 3rd tags up, SCORES, no throw by CF
|
Batting: RHB Juan Mata
|
0-0: Called Strike 0-1: Ball 1-1: Ball 2-1: Called Strike 2-2: Foul Ball, location: 2RF, Error on foul ball, E2 2-2: Foul Ball, location: 2F 2-2: Strikes out swinging
|
Top of the 6th over - 1 run, 1 hit, 1 error, 0 left on base; Bethesda 1 - Ottawa 0 |
BOTTOM OF THE 6TH |
Ottawa Nationals batting - Pitching for Bethesda Atoms : LHP Kevin Beckman
|
Batting: RHB Manuel Vroonland
|
0-0: Ball 1-0: Called Strike 1-1: Foul Ball, location: 2F 1-2: Ball 2-2: Strikes out swinging
|
Batting: RHB Glenn Curtis
|
0-0: Called Strike 0-1: Ball 1-1: Foul Ball, location: 2F 1-2: Ground out 4-3 (Groundball, 4, EV 88.1 MPH)
|
Batting: RHB Sallvador Rebola
|
0-0: Ball 1-0: Called Strike 1-1: Called Strike 1-2: Foul Ball, location: 2F 1-2: Ground out 6-3 (Groundball, 6, EV 103.8 MPH)
|
Bottom of the 6th over - 0 runs, 0 hits, 0 errors, 0 left on base; Bethesda 1 - Ottawa 0 |
TOP OF THE 7TH |
Bethesda Atoms batting - Pitching for Ottawa Nationals : LHP Chase Sims
|
Batting: LHB Rafael Barrueco
|
0-0: Ball 1-0: Called Strike 1-1: Swinging Strike 1-2: Foul Ball, location: 2F 1-2: Ball 2-2: Foul Ball, location: 2F 2-2: Strikes out swinging
|
Pitching: LHP Gerald Emerson
|
|
Batting: RHB Tomas van Noord
|
0-0: Called Strike 0-1: Ball 1-1: Ball 2-1: Foul Ball, location: 2F 2-2: Foul Ball, location: 2F 2-2: Strikes out swinging
|
Batting: RHB Wilson Mitchell
|
0-0: Ball 1-0: Called Strike 1-1: Swinging Strike 1-2: Ball 2-2: Foul Ball, location: 2F 2-2: Ball 3-2: Strikes out looking
|
Top of the 7th over - 0 runs, 0 hits, 0 errors, 0 left on base; Bethesda 1 - Ottawa 0 |
BOTTOM OF THE 7TH |
Ottawa Nationals batting - Pitching for Bethesda Atoms : LHP Kevin Beckman
|
Batting: LHB Tony Goodwin
|
0-0: Ball 1-0: DOUBLE (Line Drive, 7LS, EV 98.1 MPH)
|
Batting: RHB Jorge Ozezera
|
0-0: Ball 1-0: Fly out, F8 (Flyball, 8RM, EV 86.9 MPH)
|
Batting: RHB Gary Goodwin
|
0-0: Called Strike 0-1: SINGLE (Flyball, 9LS, EV 97.5 MPH) Tony Goodwin to third Runner from 3rd tries for Home, SAFE, throw by RF to home Gary Goodwin to second
|
Batting: SHB Júlio Moreno
|
0-0: Ball 1-0: Ball 2-0: Ground out 5-3 (Groundball, 56, EV 91.9 MPH)
|
Batting: RHB Cary Collins
|
0-0: Foul Ball, location: 2F 0-1: Ball 1-1: Called Strike 1-2: Foul Ball, location: 2F 1-2: Strikes out swinging
|
Bottom of the 7th over - 1 run, 2 hits, 0 errors, 1 left on base; Bethesda 1 - Ottawa 1 |
TOP OF THE 8TH |
Bethesda Atoms batting - Pitching for Ottawa Nationals : LHP Gerald Emerson
|
Batting: LHB Michael Cochran
|
0-0: Fly out, F9 (Flyball, 89M, EV 85.0 MPH)
|
Batting: RHB Luis González
|
0-0: Foul Ball, location: 2F 0-1: Foul Ball, location: 2F 0-2: Foul Ball, location: 2F 0-2: Ball 1-2: Ball 2-2: Strikes out swinging
|
Batting: RHB Preston Johnston
|
0-0: Ball 1-0: Called Strike 1-1: Swinging Strike 1-2: Foul Ball, location: 2F 1-2: Foul Ball, location: 2F 1-2: Foul Ball, location: 2F 1-2: Foul Ball, location: 2F 1-2: Strikes out looking
|
Top of the 8th over - 0 runs, 0 hits, 0 errors, 0 left on base; Bethesda 1 - Ottawa 1 |
BOTTOM OF THE 8TH |
Ottawa Nationals batting - Pitching for Bethesda Atoms : LHP Kevin Beckman
|
Batting: LHB Luis Soto
|
0-0: Called Strike 0-1: Called Strike 0-2: Ball 1-2: Ball 2-2: Foul Ball, location: 2F 2-2: SINGLE (Groundball, 34D, EV 96.9 MPH)
|
Batting: RHB Manuel Vroonland
|
0-0: Bunted foul 0-1: Bunted foul 0-2: DOUBLE (Groundball, 5L, EV 105.0 MPH) Luis Soto to third Runner from 3rd tries for Home, SAFE, no throw by LF
|
Batting: RHB Glenn Curtis
|
0-0: Intentional Walk
|
Batting: RHB Sallvador Rebola
|
0-0: Sac Bunt to 5S - play at first, batter OUT! 5-4 Manuel Vroonland to third Glenn Curtis to second
|
Batting: LHB Tony Goodwin
|
0-0: Called Strike 0-1: Ball 1-1: SINGLE (Line Drive, 78M, EV 96.9 MPH) Manuel Vroonland scores Glenn Curtis to third
|
Batting: RHB Jorge Ozezera
|
0-0: SINGLE (Flyball, 9S, EV 92.5 MPH) Glenn Curtis scores Tony Goodwin to second Runner from 2nd tries for 3rd, SAFE, no throw by RF
|
Pitching: RHP Elmer Pierce
|
|
Batting: RHB Gary Goodwin
|
0-0: Fly out, F9 (Line Drive, 9D, EV 90.6 MPH) Runner from 3rd tags up, SCORES, no throw by RF
|
Batting: SHB Júlio Moreno
|
0-0: Ball 1-0: Called Strike 1-1: Called Strike 1-2: Ball 2-2: SINGLE (Groundball, 4D, EV 107.5 MPH) Jorge Ozezera to second Runner from 2nd tries for 3rd, SAFE, throw by CF made to third
|
Batting: RHB Cary Collins
|
0-0: Ball 1-0: Ball 2-0: Ground out 6-3 (Groundball, 6S, EV 71.9 MPH)
|
Bottom of the 8th over - 4 runs, 5 hits, 0 errors, 2 left on base; Bethesda 1 - Ottawa 5 |
TOP OF THE 9TH |
Bethesda Atoms batting - Pitching for Ottawa Nationals : LHP Gerald Emerson
|
Batting: RHB Tomás Gonzáles
|
0-0: Ground out 6-3 (Groundball, 6MD, EV 107.5 MPH)
|
Batting: SHB Brian Burt
|
0-0: Ball 1-0: Ball 2-0: SOLO HOME RUN (Line Drive, 89XD, EV 103.8 MPH), Distance : 389 ft
|
Batting: RHB Juan Mata
|
0-0: Called Strike 0-1: Swinging Strike 0-2: Foul Ball, location: 2F 0-2: Ball 1-2: Ball 2-2: SOLO HOME RUN (Flyball, 7LD, EV 96.9 MPH), Distance : 349 ft
|
Pitching: LHP David Blake
|
|
Now in LF: Richard Clemmet
|
|
Batting: LHB Rafael Barrueco
|
0-0: Ball 1-0: Ball 2-0: Called Strike 2-1: Ball 3-1: Ground out U3 (Groundball, 3L, EV 100.0 MPH)
|
Batting: RHB Tomas van Noord
|
0-0: Ball 1-0: Ball 2-0: Swinging Strike 2-1: Foul Ball, location: 2F 2-2: Strikes out looking
|
Top of the 9th over - 2 runs, 2 hits, 0 errors, 0 left on base; Bethesda 3 - Ottawa 5 |
|